 Dungeon Crawl Stone Soup version 0.28-a0-983-g1de4e0787c (webtiles) character file.

Game seed: 9553256500552797431

76 Crownlay the Digger (level 4, -4/24 HPs)
             Began as a Gargoyle Earth Elementalist on Dec 2, 2021.
             Killed by divine providence
             ... invoked by an orc priest
              (8 damage)
             ... on level 3 of the Dungeon.
             The game lasted 00:03:27 (3258 turns).

Crownlay the Digger (Gargoyle Earth Elementalist)   Turns: 3258, Time: 00:03:28

Health: -4/24      AC: 12    Str: 11    XL:     4   Next: 32%
Magic:  0/9        EV: 12    Int: 18    God:
Gold:   83         SH:  0    Dex: 16    Spells: 6/10 levels left

rFire   . . .      SeeInvis .   h - +2 dagger (protect)
rCold   . . .      Faith    .   (no shield)
rNeg    + . .      Spirit   .   b - +0 robe
rPois   ∞          Reflect  .   (no helmet)
rElec   +          Harm     .   (no cloak)
rCorr   .          Rampage  .   (no gloves)
Will    .....                   (no boots)
Stlth   ++........              (no amulet)
HPRegen 0.08/turn               k - +6 ring of dexterity
MPRegen 0.11/turn               (no ring)

@: under a protective aura
A: sickness immunity, AC +3, negative energy resistance 1, electricity
resistance, torment resistance 1, petrification resistance
a: no special abilities


You were on level 3 of the Dungeon.
You visited 1 branch of the dungeon, and saw 3 of its levels.

You collected 83 gold pieces.

Inventory:

Hand Weapons
 h - a +2 dagger of protection (weapon)
Missiles
 m - 14 stones
Armour
 b - a +0 robe (worn)
Jewellery
 k - a +6 ring of dexterity (left hand)
Wands
 c - a wand of charming (7)
Scrolls
 d - a scroll of magic mapping {unknown}
 e - a scroll of brand weapon {unknown}
 g - a scroll of fog {unknown}
 i - a scroll of silence {unknown}
 l - a scroll of vulnerability {unknown}
 n - 3 scrolls of identify {unknown}
Potions
 a - a potion of lignification {unknown}
 f - a potion of ambrosia {unknown}
 j - a potion of berserk rage {unknown}


   Skills:
 - Level 1.5 Dodging
 - Level 2.1 Stealth
 * Level 3.6 Spellcasting
 - Level 0.7 Transmutations
 + Level 4.5 Earth Magic


You had 6 spell levels left.
You knew the following spells:

 Your Spells              Type           Power      Damage    Failure   Level
a - Sandblast             Erth           38%        2d10      2%          1
b - Stone Arrow           Conj/Erth      22%        3d8       19%         3

Your spell library contained the following spells:

 Spells                   Type           Power      Damage    Failure   Level
 Passwall                 Tmut/Erth      10%        N/A       8%          2
 Magic Dart               Conj           12%        1d3       16%         1
 Call Imp                 Summ           3%         N/A       24%         2
 Mephitic Cloud           Conj/Pois/Air  3%         N/A       43%         3
 Petrify                  Tmut/Erth      12%        N/A       45%         4
 Borgnjor's Vile Clutch   Necr/Erth      5%         N/A       86%         5
 Alistair's Intoxication  Tmut/Pois      2%         N/A       98%         5
 Eringya's Noxious Bog    Tmut/Pois      2%         N/A       100%        6


Dungeon Overview and Level Annotations

Branches:
Dungeon (3/15)

Altars:


Innate Abilities, Weirdness & Mutations

You are immune to sickness and miasma.
Your stone body is resilient. (AC +3)
You are immune to poison.
You resist negative energy. (rN+)
You are resistant to electric shocks. (rElec)
You are resistant to unholy torment.
You are immune to petrification.


Message History

You hit the orc priest.
The orc priest is moderately wounded.
The orc priest hits you with a +0 dagger.
* * * LOW HITPOINT WARNING * * *
You hit the orc priest.
The orc priest is severely wounded.
The orc priest hits you but does no damage.
You completely miss the orc priest.
The orc priest is severely wounded.
The orc priest hits you but does no damage.
You hit the orc priest but do no damage.
The orc priest is severely wounded.
The orc priest closely misses you.
Casting: Sandblast (safe; 2% risk of failure)
Confirm with . or Enter, or press ? or * to list all spells.
Aiming: Sandblast (safe; 2% risk of failure)
Press: ? - help, Shift-Dir - straight line, f/p - orc priest
Aim: an orc priest, wielding a +0 dagger and wearing a +0 chain mail (severely wounded, 85% to hit)
The blast of sand hits the orc priest but does no damage.
The orc priest is severely wounded.
The orc priest calls down the wrath of Beogh upon you.
Pain shoots through your body!
* * * LOW HITPOINT WARNING * * *
You hit the orc priest but do no damage.
The orc priest is severely wounded.
The orc priest hits you but does no damage.
You barely miss the orc priest.
The orc priest is severely wounded.
The orc priest begins to cast a cantrip, but forgets the words!
You hit the orc priest.
The orc priest is almost dead.
The orc priest barely misses you.
You hit the orc priest but do no damage.
The orc priest is severely wounded.
The orc priest completely misses you.
You hit the orc priest but do no damage.
The orc priest is severely wounded.
The orc priest mumbles some strange prayers to Beogh against you.
Beogh smites you!
You die...

#....................#
#...r.....#).........#
##.......##..........#
#...:..####....####.#
#...####.........# #.#
..#. #.....#...# #.#
.... #..####.#)# #.#
...
..........#o####.##
.........##.#@##...<#
.....###....#.##<...#
##..................#
####.>.............#
................#
.#..............#
#..........#####
#..........#
#..........#


You could see an orc priest.

Vanquished Creatures
  2 worms (D:2)
  A dart slug (D:2)
  4 orcs (D:3)
  14 ball pythons
  2 bats
  4 endoplasms
  3 giant cockroaches (D:1)
  2 goblins
  4 hobgoblins
  9 jackals (D:1)
  A kobold (D:1)
  3 quokkas
  3 frilled lizards
  A rat (D:3)
53 creatures vanquished.

Notes
Turn   | Place    | Note
-------+----------+-------------------------------------------
     0 | D:1      | Crownlay the Gargoyle Earth Elementalist began the quest
                  | for the Orb.
     0 | D:1      | Reached XP level 1. HP: 10/10 MP: 3/3
   148 | D:1      | Reached XP level 2. HP: 6/15 MP: 0/5
   402 | D:1      | Reached skill level 4 in Earth Magic
   975 | D:1      | Found a faded altar of an unknown god.
   979 | D:1      | Reached XP level 3. HP: 19/19 MP: 5/7
  2238 | D:2      | Learned a level 3 spell: Stone Arrow
  2350 | D:2      | Reached XP level 4. HP: 15/24 MP: 1/9
  3258 | D:3      | Killed from afar by an orc priest

Illustrated notes

Levels and vault maps discovered:
D:1:      lemuel_arrival_behind_the_door_large, layout_loops_ring,
          nicolae_ecumenical_snake_handling
D:2:      layout_loops_ring, serial_co_window_serial, co_window_corner_a,
          co_window_corner_a, co_window_paths_b, co_window_paths_a,
          co_window_corner_a, co_window_corner_a, co_window_paths_b,
          co_window_corner_a, co_window_of_opportunity_a, co_window_corner_b,
          co_window_of_opportunity_c, co_window_unsneaky_path_b,
          co_window_of_opportunity_c, co_window_2corner, glass_columns_c
D:3:      layout_rooms

Skill      XL: |  1  2  3 |
---------------+----------+-----
Earth Magic    | 4 |  4.5
Spellcasting   | 3 |  3.6
Dodging        | |  1.5
Stealth        | |  2.1
Transmutations | |  0.7

Action                   |  1- 3 |  4- 6 || total
-------------------------+-------+-------++-------
Melee: Unarmed           |    32 |       ||    32
       Short sword       |     3 |       ||     3
       Dagger            |    75 |    33 ||   108
 Cast: Sandblast         |    35 |    13 ||    48
       Stone Arrow       |     1 |     1 ||     2
 Stab: Sleeping          |     3 |       ||     3
Armor: Robe              |    55 |    10 ||    65
Dodge: Dodged            |    87 |    15 ||   102

Table legend: (Time is in decaauts)
 A = Elapsed time spent in this place.
 B = Non-inter-level travel time spent in this place.
 C = Inter-level travel time spent in this place.
 D = Time resting spent in this place.
 E = Time spent auto-exploring this place.
 F = Levels seen in this place.
 G = Mean time per level.
                   A        B        C        D        E       F      G
               +--------+--------+--------+--------+--------+-----+--------+
         Total |   3256 |   3137 |    119 |      0 |   2677 |   3 | 1085.3 |
       Dungeon |   3256 |   3137 |    119 |      0 |   2677 |   3 | 1085.3 |
               +--------+--------+--------+--------+--------+-----+--------+

Top non-repeatable levels by time:
     D:1: 1533 daAuts
     D:2: 1501 daAuts
     D:3: 221 daAuts
